 Dungeon Crawl Stone Soup version 0.25-a0-388-g41a7e554cb (webtiles) character file.

Game seed: 4312048357608199851, levelgen mode: deterministic

44 Flugkiller the Sneak (level 3, -8/24 HPs)
             Began as an Octopode Wanderer on Jan 7, 2020.
             Mangled by an ogre
             ... wielding a +0 giant club
              (14 damage)
             ... on level 2 of the Dungeon.
             The game lasted 00:03:14 (1624 turns).

Flugkiller the Sneak (Octopode Wanderer)            Turns: 1624, Time: 00:03:15

Health: -8/24      AC:  1    Str: 10    XL:     3   Next: 62%
Magic:  3/6        EV: 12    Int: 17    God:
Gold:   58         SH:  0    Dex: 10    Spells: 5/6 levels left

rFire    . . .     SeeInvis .   a - +2 short sword
rCold    . . .     Gourm    .   (no shield)
rNeg     . . .     Faith    .   (helmet restricted)
rPois    .         Spirit   .   (no amulet)
rElec    .         Reflect  .   (no ring)
rCorr    .         Harm     .   (no ring)
MR       .....                  (no ring)
Stlth    +++.......             (no ring)
HPRegen  0.08/turn              (no ring)
MPRegen  0.10/turn              (no ring)
                                (no ring)
                                (no ring)

@: no status effects
A: almost no armour, stealthy swim, amphibious, 8 rings, constrict 8, camouflage
1, gelatinous body 1
a: no special abilities


You were on level 2 of the Dungeon.
You were not hungry.

You visited 1 branch of the dungeon, and saw 2 of its levels.

You collected 58 gold pieces.

Inventory:

Hand Weapons
 a - a +2 short sword (weapon)
 q - a +2 short sword of venom
   (You found it on level 2 of the Dungeon)
Missiles
 g - 68 stones (quivered)
 k - 22 sling bullets
Wands
 c - a wand of random effects (14)
Scrolls
 b - a scroll of remove curse
 e - a scroll of fear
 h - a scroll of amnesia {unknown}
 m - a scroll of enchant armour {unknown}
 r - a scroll of identify {unknown}
Potions
 i - a potion of might {unknown}
 j - a potion of brilliance {unknown}
 l - a potion of berserk rage {unknown}
 n - a potion of haste {unknown}
 o - a potion of curing {unknown}
 p - a potion of lignification {unknown}
Comestibles
 d - 6 rations
 f - 2 chunks of flesh


   Skills:
 - Level 2.0 Fighting
 - Level 1.0 Short Blades
 + Level 3.6 Stealth
 - Level 2.0 Spellcasting
   Level 2.0 Ice Magic
 + Level 2.4 Earth Magic
 - Level 1.1 Evocations


You had 5 spell levels left.
You knew the following spells:

 Your Spells              Type           Power        Failure   Level  Hunger
a - Sandblast             Erth           ##....       7%          1    #......

Your spell library contained the following spells:

 Spells                   Type           Power        Failure   Level  Hunger
 Stone Arrow              Conj/Erth      #.....       34%         3    ###....


Dungeon Overview and Level Annotations

Branches:
Dungeon (2/15)

Altars:


Innate Abilities, Weirdness & Mutations

You cannot wear most types of armour.
You are very stealthy in the water. (Stealth+)
You are amphibious.
You can wear up to eight rings at the same time.
You can use your tentacles to constrict eight enemies at once.
Your skin changes colour to match your surroundings (Stealth+).
Your rubbery body absorbs attacks. (AC +1, EV +1)


Message History

The bat hits you. x2
There is an open door here.
The bat hits you but does no damage. The bat hits you. The bat hits you.
The bat hits you but does no damage.
There is a stone staircase leading up here.
You see here a -3 dagger.
Evoke which item? (* to show all) (? for menu, Esc to quit)
Aiming: Random Effects
Press: ? - help, Shift-Dir - straight line, f - ogre
Aim: an ogre, wielding a +0 giant club The ogre twists and deforms.
Unknown command.
Casting: Sandblast (safe; 7% risk of failure)
Confirm with . or Enter, or press ? or * to list all spells.
Aiming: Sandblast (safe; 7% risk of failure)
Press: ? - help, Shift-Dir - straight line, f/p - ogre
Aim: an ogre, wielding a +0 giant club (misshapen and mutated)
The blast of sand hits the ogre!
The ogre is moderately wounded.
g - 70 stones
Casting: Sandblast (safe; 7% risk of failure)
Confirm with . or Enter, or press ? or * to list all spells.
Aiming: Sandblast (safe; 7% risk of failure)
Press: ? - help, Shift-Dir - straight line, f/p - ogre
Aim: an ogre, wielding a +0 giant club (moderately wounded, misshapen and mutated)
The blast of sand hits the ogre.
The ogre is heavily wounded.
g - 69 stones You hit the ogre.
The ogre is heavily wounded.
The ogre barely misses you.
You puncture the ogre!
The ogre is almost dead.
You barely miss the ogre.
The ogre is almost dead.
The ogre hits you with a +0 giant club!!
Ouch! That really hurt!
* * * LOW HITPOINT WARNING * * *
Casting: Sandblast (safe; 7% risk of failure)
Confirm with . or Enter, or press ? or * to list all spells.
Aiming: Sandblast (safe; 7% risk of failure)
Press: ? - help, Shift-Dir - straight line, f/p - ogre
Aim: an ogre, wielding a +0 giant club (almost dead, misshapen and mutated)
The blast of sand misses the ogre.
g - 68 stones The ogre hits you with a +0 giant club!
Ouch! That really hurt!
You die...

#................................
#...................#######.#.###
#....#.....##.............#.#.#..
#....#.....##...#.........#.#.#.#
#....#.....###+#####......#.#.#.#
#............#.#..........#'#.#.#
..............................#.#
..............................#..
.....รท........<.@...######....#..
......######.....O.......'....#..
...............#.#.......#....#+#
.............#.#.#.......##......
##.....##....###.#.......##......
#.....##....#...###.............
#.....##....#'#####.............
#...........................##+#
#.....................###...+..#


You could see an ogre.

Vanquished Creatures
  An adder (D:2)
  A worm (D:2)
  A ball python (D:1)
  5 giant cockroaches
  9 hobgoblins
  2 jackals (D:1)
  5 bats
  2 kobolds
  2 rats
28 creatures vanquished.

Notes
Turn   | Place    | Note
-------+----------+-------------------------------------------
     0 | D:1      | Flugkiller the Octopode Wanderer began the quest for the
                  | Orb.
     0 | D:1      | Flugkiller set off with the following items: a +2 short
                  | sword, a wand of random effects (15), a ration; and the
                  | following spell memorised: Sandblast; and the following
                  | spells available to memorise: Stone Arrow
     0 | D:1      | Reached XP level 1. HP: 14/14 MP: 3/3
   228 | D:1      | Reached skill level 2 in Stealth
   270 | D:1      | Reached XP level 2. HP: 19/19 MP: 5/5
   874 | D:2      | Noticed an ogre
  1093 | D:2      | Reached skill level 3 in Stealth
  1248 | D:2      | Reached XP level 3. HP: 14/24 MP: 6/6
  1624 | D:2      | Mangled by an ogre

Levels and vault maps discovered:
D:1:      sevenhm_arrival_forest_fort_large_4, layout_basic,
          serial_corexii_hall, chequers_hall_statues_corner_a,
          corexii_hall_statues_l, chequers_hall_statues_wall_a,
          chequers_hall_statues_wall_a
D:2:      layout_basic

Skill      XL: |  1  2 |
---------------+-------+-----
Stealth        | 2 3 |  3.6
Earth Magic    | 2 |  2.4
Fighting       | |  2.0
Short Blades   | |  1.0
Spellcasting   | |  2.0
Ice Magic      | |  2.0
Evocations     | |  1.1

Action                   || total
-------------------------++-------
Melee: Short sword       ||    64
       Constrict         ||    13
       Tentacles         ||    10
 Cast: Sandblast         ||     6
Evoke: Wand              ||     1
  Use: Scroll            ||     3
 Stab: Sleeping          ||     8
  Eat: Chunk             ||     2
Armor: Skin              ||     7
Dodge: Dodged            ||    38

Table legend:
 A = Non-vault XP
 B = Vault XP
 C = Vault XP percentage of total XP
 D = Non-vault monster count
 E = Vault monster count
 F = Vault count percentage of total count
                 A         B        C        D         E       F
            +---------+---------+-------+---------+---------+-------
      Total |      64 |       0 |   0.0 |      28 |       0 |   0.0
            +---------+---------+-------+---------+---------+-------
        D:1 |      23 |       0 |   0.0 |      14 |       0 |   0.0
        D:2 |      41 |       0 |   0.0 |      14 |       0 |   0.0
            +---------+---------+-------+---------+---------+-------
